Map: New Gettysburg LE

Players

XxEliTeCLoWn

  • Race: Zerg Zerg
  • League: Diamond

Googleflax - Winner!

  • Race: Protoss Protoss
  • League: Diamond

VOD

Have the link to the VOD?

Description

Time

  • Played on: Aug. 18, 2016, 6:20 p.m.
  • Length: 14:14
Show
View Real Time Build Order
Export as new Build Order

XxEliTeCLoWn Zerg 

Build Orders: Pool First 

Get SALT Encoding   

  12  0:01  Drone  
  13  0:09  Drone  
  14  0:22  Extractor x2, Drone  
  14  0:23  Drone  
  16  0:36  Spawning Pool  
  15  0:44  Overlord  
  15  1:02  Drone x3  
  18  1:18  Hatchery  
  18  1:23  Zergling x2  
  18  1:25  Zergling x2  
  19  1:48  Zergling x4  
  21  2:04  Drone  
  22  2:14  Hatchery  
  21  2:16  Drone  
  22  2:25  Extractor  
  21  2:30  Drone, Queen  
  21  2:31  Drone x2  
  26  2:42  Drone  
  26  2:43  Drone  
  28  3:03  Zergling x2  
  28  3:04  Overlord  
  27  3:22  Queen  
  28  3:31  Zergling x12  
  33  3:45  Drone  
  33  3:47  Overlord x3  
  34  4:01  Overlord  
  34  4:05  Queen x2  
  34  4:06  Drone x2  
  34  4:07  Drone x4  
  44  4:17  Extractor, Evolution Chamber  
  44  4:18  Evolution Chamber  
  40  4:27  Drone x3  
  43  4:32  Drone x4  
  47  4:53  Drone x4  
  47  4:54  Drone x4  
  55  5:01  Zerg Melee Weapons Level 1, Zerg Ground Armor Level 1  
  55  5:06  Metabolic Boost  
  55  5:12  Overlord  
  55  5:21  Zergling x2  
  55  5:22  Zergling x12  
  55  5:23  Zergling x2  
  63  5:31  Overlord  
  63  5:33  Zergling x8  
  63  5:34  Zergling x2  
  68  5:46  Zergling x2  
  68  5:47  Zergling x8  
  73  5:53  Lair  
  73  5:56  Extractor  
  73  5:57  Extractor  
  71  6:01  Extractor  
  71  6:03  Extractor  
  69  6:13  Drone x3  
  69  6:14  Drone x3  
  69  6:16  Drone x6  
  81  6:26  Spine Crawler  
  81  6:29  Spine Crawler  
  81  6:32  Spine Crawler  
  78  6:39  Drone x2  
  81  6:40  Drone  
  81  6:41  Overlord x3  
  81  6:55  Drone, Spore Crawler  
  81  6:59  Zerg Melee Weapons Level 2  
  81  7:00  Zerg Ground Armor Level 2  
  81  7:03  Drone x3  
  81  7:04  Drone x2  
  86  7:09  Drone x3, Spine Crawler  
  86  7:11  Drone, Spine Crawler  
  88  7:30  Spire  
  88  7:32  Drone x4  
  82  7:57  Drone  
  82  7:58  Drone x7  
  88  7:59  Drone  
  88  8:00  Overlord x2  
  88  8:01  Overlord x2  
  91  8:05  Extractor  
  91  8:06  Hatchery  
  91  8:09  Extractor  
  88  8:14  Drone  
  88  8:15  Infestation Pit  
  88  8:18  Zergling x20  
  98  8:41  Drone x2  
  98  8:42  Drone x4  
  98  8:47  Overseer  
  104  8:49  Mutalisk  
  104  8:51  Mutalisk x9  
  104  8:52  Mutalisk  
  126  8:57  Zerg Flyer Weapons Level 1  
  120  9:21  Spore Crawler  
  119  9:36  Drone x2  
  119  9:37  Drone x2  
  119  9:38  Drone x6  
  124  9:39  Drone x4  
  133  9:52  Hive  
  133  9:55  Drone x5  
  133  9:56  Drone x5  
  143  10:12  Spore Crawler  
  142  10:15  Spine Crawler  
  142  10:20  Spore Crawler  
  142  10:21  Mutalisk x2  
  140  10:24  Overlord x5  
  144  10:44  Mutalisk x2  
  144  10:45  Mutalisk x15  
  178  11:05  Zerg Flyer Armor Level 1  
  178  11:11  Overlord x3  
  178  11:12  Zergling x4  
  178  11:13  Zergling x8  
  179  11:37  Zergling x2  
  179  11:38  Zergling x24  
  179  11:39  Zergling x2  
  175  11:57  Mutalisk  
  175  11:58  Mutalisk x8  
  158  12:18  Ultralisk Cavern  
  124  12:59  Zergling x2  
  124  13:00  Zergling x28  
  124  13:01  Zergling x2  
  110  13:26  Mutalisk  
  110  13:27  Mutalisk x3  
  105  13:56  Zergling x2  
  105  13:57  Zergling x2  
Show
View Real Time Build Order
Export as new Build Order

Googleflax Protoss - Winner!

Build Orders:  

Get SALT Encoding   

  12  0:01  Probe (Chrono Boost)  
  13  0:11  Probe (Chrono Boost)  
  14  0:23  Pylon  
  14  0:24  Probe (Chrono Boost)  
  15  0:41  Gateway, Probe (Chrono Boost)  
  16  0:51  Probe (Chrono Boost)  
  16  0:52  Assimilator  
  17  1:02  Probe (Chrono Boost)  
  18  1:12  Probe (Chrono Boost)  
  19  1:23  Probe (Chrono Boost)  
  20  1:31  Cybernetics Core  
  20  1:35  Pylon  
  20  1:38  Gateway  
  20  1:48  Pylon  
  20  1:50  Assimilator  
  20  2:11  Nexus  
  20  2:18  Adept  
  22  2:24  Warp Gate  
  22  2:29  Pylon  
  22  2:34  Probe (Chrono Boost)  
  23  2:51  Adept  
  23  2:53  Mothership Core (Chrono Boost)  
  27  2:58  Adept  
  29  3:11  Probe (Chrono Boost)  
  27  3:22  Probe (Chrono Boost)  
  28  3:29  Probe (Chrono Boost)  
  28  3:32  Probe (Chrono Boost)  
  30  3:40  Probe (Chrono Boost)  
  30  3:43  Probe (Chrono Boost)  
  31  3:50  Probe (Chrono Boost)  
  31  3:53  Probe (Chrono Boost)  
  33  4:01  Probe (Chrono Boost)  
  36  4:03  Sentry  
  36  4:04  Probe (Chrono Boost)  
  37  4:11  Probe (Chrono Boost)  
  37  4:12  Pylon  
  37  4:15  Probe (Chrono Boost)  
  39  4:18  Assimilator  
  39  4:20  Assimilator  
  39  4:22  Probe (Chrono Boost)  
  40  4:25  Probe (Chrono Boost)  
  43  4:32  Probe (Chrono Boost)  
  43  4:36  Probe (Chrono Boost)  
  43  4:38  Robotics Facility  
  43  4:42  Twilight Council  
  43  4:43  Probe (Chrono Boost)  
  44  4:46  Probe (Chrono Boost)  
  44  4:47  Sentry  
  44  4:49  Pylon  
  47  4:53  Probe (Chrono Boost)  
  47  4:57  Probe (Chrono Boost)  
  49  5:04  Probe (Chrono Boost)  
  50  5:07  Probe (Chrono Boost)  
  50  5:08  Phoenix  
  50  5:13  Gateway  
  51  5:14  Probe (Chrono Boost)  
  51  5:16  Gateway  
  51  5:17  Pylon, Resonating Glaives  
  51  5:18  Probe (Chrono Boost)  
  53  5:21  Stalker  
  53  5:24  Observer  
  53  5:25  Probe (Chrono Boost)  
  57  5:29  Stalker  
  57  5:30  Probe (Chrono Boost)  
  60  5:39  Probe (Chrono Boost), Phoenix  
  60  5:42  Probe (Chrono Boost)  
  62  5:53  Observer  
  62  5:54  Nexus  
  62  5:56  Pylon  
  63  6:02  Adept, Sentry  
  67  6:11  Immortal  
  67  6:13  Probe x2 (Chrono Boost)  
  67  6:14  Pylon  
  73  6:27  Adept x2  
  77  6:36  Pylon  
  77  6:40  Pylon  
  77  6:43  Pylon  
  77  6:47  Pylon  
  77  6:49  Robotics Bay  
  77  6:52  Gateway  
  77  6:54  Stalker x2  
  77  6:55  Pylon  
  77  6:58  Pylon  
  77  6:59  Dark Shrine  
  77  7:00  Blink  
  81  7:05  Zealot  
  83  7:09  Adept  
  87  7:24  Stalker x2  
  93  7:30  Probe (Chrono Boost)  
  93  7:31  Immortal, Probe x2 (Chrono Boost)  
  93  7:32  Sentry  
  96  7:39  Adept  
  98  7:50  Adept x2  
  102  7:57  Robotics Facility  
  102  7:59  Pylon  
  102  8:02  Forge  
  102  8:03  Probe (Chrono Boost)  
  102  8:04  Probe x2 (Chrono Boost)  
  102  8:05  Disruptor  
  105  8:08  Zealot  
  110  8:14  Dark Templar x2  
  110  8:15  Dark Templar  
  110  8:16  Probe (Chrono Boost)  
  117  8:32  Protoss Ground Weapons Level 1  
  117  8:39  Stargate  
  117  8:42  Gateway  
  117  8:44  Gateway  
  117  8:47  Adept x2, Stalker  
  117  8:48  Pylon  
  121  9:03  Stargate  
  119  9:17  Photon Cannon  
  119  9:18  Photon Cannon  
  119  9:21  Photon Cannon  
  119  9:25  Fleet Beacon  
  119  9:29  Phoenix, Probe x2 (Chrono Boost), Assimilator  
  121  9:34  Assimilator  
  121  9:38  Probe (Chrono Boost)  
  122  9:41  Probe (Chrono Boost)  
  122  9:45  Phoenix  
  125  9:54  Dark Templar  
  125  9:58  Adept  
  129  10:05  Phoenix  
  129  10:06  Probe x3 (Chrono Boost)  
  132  10:18  Probe (Chrono Boost)  
  132  10:20  Phoenix  
  133  10:26  Phoenix  
  137  10:41  Phoenix  
  137  10:43  Charge  
  137  10:46  Anion Pulse-Crystals  
  137  10:48  Phoenix  
  137  10:49  Nexus  
  139  10:51  Pylon  
  139  10:52  Pylon  
  141  11:09  Zealot x3  
  141  11:10  Zealot x4  
  155  11:32  Probe x2 (Chrono Boost)  
  158  11:33  Probe (Chrono Boost)  
  157  11:40  Phoenix x2  
  157  11:44  Probe x2 (Chrono Boost)  
  157  11:56  Probe x2 (Chrono Boost)  
  153  12:02  Phoenix x2  
  157  12:19  Adept x2  
  157  12:20  Adept x4  
  152  12:25  Probe (Chrono Boost)  
  152  12:26  Probe (Chrono Boost)  
  141  12:30  Pylon  
  141  12:31  Pylon  
  141  12:33  Pylon  
  141  12:34  Pylon  
  141  12:36  Pylon  
  132  12:38  Pylon  
  132  12:40  Pylon  
  114  13:01  Stalker  
  114  13:02  Stalker x5  
  114  13:03  Stalker  
  114  13:15  Oracle  
  102  13:31  Phoenix  
  98  13:42  Dark Templar  
  98  13:43  Stalker x4  
  98  13:44  Stalker  
  98  13:48  Phoenix  
  111  13:58  Adept  
Tags
 
Add a new tag
Caveats
  • Supply blocks, unpowered buildings, or Contaminate may cause inaccurate times.
  • Supply counts are checked every 10 seconds.